 Dungeon Crawl Stone Soup version 0.30-a0-1074-g5db6f66fbb (webtiles) character file.

Game seed: 8233887306630631247

167232 NinjaNoafa the Luminary of Lethal Lore (level 17, -11/133 HPs)
             Began as a Gnoll Earth Elementalist on Apr 12, 2023.
             Was the Champion of Vehumet.
             Mangled by Mlioglotl (17 damage)
             ... on level 1 of the Shoals on Apr 13, 2023.
             The game lasted 01:17:41 (24741 turns).

NinjaNoafa the Luminary of Lethal Lore (GnEE)      Turns: 24741, Time: 01:17:42

Health: -11/133    AC:  8    Str:  6    XL:     17   Next: 92%
Magic:  23/33      EV: 17    Int: 21    God:    Vehumet [******]
Gold:   72         SH:  0    Dex: 13    Spells: 2/41 levels left

rFire   + + .      SeeInvis .    a - staff of air "Atecy" {rElec Stlth+}
rCold   . . .      Faith    .    T - orb {*channel}
rNeg    + . .      Spirit   .    U - +1 robe {Archmagi}
rPois   .          Reflect  .    y - +0 helmet
rElec   +          Rampage  .    X - scarf {repulsion}
rCorr   +          Archmagi +    v - +0 pair of gloves
Will    ++...                    r - +0 pair of boots
Stlth   +++                      F - amulet of magic regeneration
HPRegen 0.42/turn                L - ring of positive energy
MPRegen 0.63/turn                Y - ring "Quisalov" {Wiz rF++ Will+ rCorr Str-3}

@: studying Ice Magic, repel missiles, very slow
A: fangs 1, strong nose, distributed training
a: Renounce Religion


You were on level 1 of the Shoals.
You worshipped Vehumet.
Vehumet was exalted by your worship.
You visited 6 branches of the dungeon, and saw 25 of its levels.
You also visited: Bailey, Gauntlet and Ice Cave.

You collected 2621 gold pieces.
You spent 2549 gold pieces at shops.

Inventory:

Missiles
 i - 4 curare-tipped darts
 m - 15 javelins
 q - 6 silver javelins
 K - 3 throwing nets
Armour
 r - a +0 pair of boots (worn)
 v - a +0 pair of gloves (worn)
 y - a +0 helmet (worn)
 T - an orb of energy (worn)
 U - a +1 robe of the Archmagi (worn)
 X - a scarf of repulsion (worn)
Magical Staves
 a - the staff of air "Atecy" (weapon) {rElec Stlth+}
   (You found it in a Gauntlet)

   [staff of air]

   Base accuracy: +5 Base damage: 5 Base attack delay: 1.2 This weapon's minimum
   attack delay (0.6) is reached at skill level 12.
   rElec:     It insulates you from electricity.
   Stlth:     It makes you more stealthy.
   It falls into the 'Staves' category.
   It is a one-handed weapon.
 b - a staff of cold
Jewellery
 A - a ring of poison resistance
 F - an amulet of magic regeneration (around neck)
 L - a ring of positive energy (left hand)
 R - a ring of protection from cold
 Y - the ring "Quisalov" (right hand) {Wiz rF++ Will+ rCorr Str-3}
   (You bought it in a shop on level 7 of the Dungeon)

   [ring of wizardry]

   It improves your spell success rate.
   Str:       It affects your strength (-3).
   rF:        It greatly protects you from fire.
   rCorr:     It protects you from acid and corrosion.
   Will:      It increases your willpower.
Wands
 t - a wand of roots (24)
 H - a wand of charming (8)
 J - a wand of polymorph (5)
 N - a wand of flame (24)
 S - a wand of light (6)
 Z - a wand of mindburst (13)
Scrolls
 c - a scroll of enchant armour {unknown}
 e - 5 scrolls of fear
 g - a scroll of silence
 j - a scroll of acquirement {unknown}
 k - a scroll of butterflies
 o - 4 scrolls of fog
 p - 6 scrolls of vulnerability
 s - 12 scrolls of teleportation
 w - 3 scrolls of magic mapping
 x - 3 scrolls of blinking
 O - 3 scrolls of poison
 Q - 7 scrolls of immolation
 V - 3 scrolls of enchant weapon
Potions
 h - 5 potions of curing
 l - 2 potions of brilliance
 n - 5 potions of might
 u - 4 potions of berserk rage
 B - 4 potions of invisibility
 C - 4 potions of cancellation
 D - 8 potions of haste
 E - 2 potions of resistance
 G - 2 potions of magic
 I - 3 potions of lignification
 P - 5 potions of flight
Miscellaneous
 f - a condenser vane (inert)
 M - a piece from Xom's chessboard (15/15)
 W - a phial of floods


   Skills:
 + Level 11.8 Fighting
 + Level 11.8 Short Blades
 + Level 11.8 Long Blades
 + Level 11.8 Axes
 + Level 11.8 Maces & Flails
 + Level 11.8 Polearms
 + Level 11.8 Staves
 + Level 11.8 Ranged Weapons
 + Level 11.8 Throwing
 + Level 11.8 Armour
 + Level 12.6 Dodging
 + Level 12.5 Stealth
 + Level 11.8 Shields
 + Level 11.8 Unarmed Combat
 + Level 12.8 Spellcasting
 + Level 10.0 Conjurations
 + Level 10.0 Hexes
 + Level 10.0 Summonings
 + Level 10.0 Necromancy
 + Level 10.0 Translocations
 + Level 10.2 Transmutations
 + Level 10.0 Fire Magic
 + Level 11.9 Ice Magic
 + Level 10.0 Air Magic
 + Level 11.3 Earth Magic
 + Level 10.0 Poison Magic
 + Level 12.8 Invocations
 + Level 11.8 Evocations


You had 2 spell levels left.
You knew the following spells:

 Your Spells              Type           Power      Damage    Failure   Level
a - Ozocubu's Refrigerat  Ice            38%        4d16      7%          7
b - Passwall              Tmut/Erth      60%        N/A       1%          2
c - Arcjolt               Conj/Air       45%        1d55      1%          5
d - Plasma Beam           Fire/Air       45%        2x1d65    3%          6
e - Conjure Ball Lightni  Conj/Air       45%        3x3d16    3%          6
f - Ozocubu's Armour      Ice            77%        N/A       1%          3
g - Passage of Golubria   Tloc           70%        N/A       1%          4
i - Starburst             Conj/Fire      35%        6d10      3%          6

Your spell library contained the following spells:

 Spells                   Type           Power      Damage    Failure   Level
 Ignition                 Fire           35%        3d11      54%         8
 Apportation              Tloc           100%       N/A       1%          1
 Beastly Appendage        Tmut           100%       N/A       1%          1
 Kiss of Death            Conj/Necr      100%       2d13      1%          1
 Necrotise                Necr           100%       1d9       1%          1
 Sandblast                Erth           100%       2d20      1%          1
 Slow                     Hex            100%       N/A       1%          1
 Sting                    Tmut/Pois      100%       1d8       1%          1
 Summon Small Mammal      Summ           100%       N/A       1%          1
 Blink                    Tloc           100%       N/A       1%          2
 Poisonous Vapours        Pois/Air       100%       N/A       1%          2
 Static Discharge         Conj/Air       100%       2-7/arc   1%          2
 Wereblood                Tmut           71%        N/A       1%          2
 Confusing Touch          Hex            70%        N/A       1%          3
 Frozen Ramparts          Ice            100%       1d16      1%          3
 Hailstorm                Conj/Ice       73%        3d15      1%          3
 Inner Flame              Hex/Fire       70%        N/A       1%          3
 Spider Form              Tmut/Pois      71%        N/A       1%          3
 Stone Arrow              Conj/Erth      100%       3d13      1%          3
 Tukima's Dance           Hex            70%        N/A       1%          3
 Vampiric Draining        Necr           70%        2d11      1%          3
 Vhi's Electric Charge    Tloc/Air       100%       N/A       1%          3
 Animate Armour           Summ/Erth      100%       N/A       1%          4
 Dispel Undead            Necr           70%        3d24      1%          4
 Manifold Assault         Tloc           70%        N/A       1%          4
 Olgreb's Toxic Radiance  Pois           70%        N/A       1%          4
 Petrify                  Tmut/Erth      73%        N/A       1%          4
 Sticky Flame             Conj/Fire      70%        2d8       1%          4
 Freezing Cloud           Conj/Ice/Air   46%        6-21      1%          5
 Yara's Violent Unravell  Hex/Tmut       35%        3d14      1%          5
 Agony                    Necr           70%        N/A       3%          5
 Storm Form               Tmut/Air       45%        N/A       41%         7
 Enfeeble                 Hex            35%        N/A       43%         7
 Lehudib's Crystal Spear  Conj/Erth      36%        10d9      47%         8
 Borgnjor's Revivificati  Necr           35%        N/A       95%         8
 Necromutation            Tmut/Necr      35%        N/A       95%         8
 Death's Door             Necr           35%        N/A       100%        9


Dungeon Overview and Level Annotations

Branches:
Dungeon (15/15)            Temple (1/1) D:5            Lair (5/5) D:10
 Shoals (1/4) Lair:3       Spider (1/4) Lair:2        Slime (0/5) Lair:4
    Orc (2/2) D:9             Elf (0/3) Orc:2        Vaults (0/5) D:13
 Depths (0/4) D:15         Bailey (visited)           IceCv (visited)
Gauntlet (visited)

Altars:
Ashenzari
Cheibriados
Dithmenos
Elyvilon
Fedhas
Gozag
Hepliaklqana
Kikubaaqudgha
Makhleb
Nemelex Xobeh
Okawaru
Qazlal
Ru
Sif Muna
Trog
Uskayaw
Vehumet
Wu Jian
Xom
Yredelemnul
Zin
The Shining One

Shops:
D:5 *   D:6 :((*   D:7 =   D:8 [   D:10 :   D:13 *   Orc:1 *   Orc:2 !(=*

Annotations:
D:13 2 transporters, Heug's ghost, journeyman GrEE
Shoals:1 Mlioglotl
Orc:1 2 transporters, Nudyvat's ghost, journeyman DsGl


Innate Abilities, Weirdness & Mutations

You have very sharp teeth.
Your uncanny sense of smell can sniff out nearby items.
Your experience applies equally to all skills.


Message History

The blast of lightning engulfs your ball lightning.
Your ball lightning completely resists.
The blast of lightning engulfs Mlioglotl.
Mlioglotl resists.
Mlioglotl is lightly wounded.
The blast of lightning engulfs you. You resist.
* * * LOW HITPOINT WARNING * * *
Your ball lightning explodes!
The blast of lightning engulfs Mlioglotl!
Mlioglotl resists.
Mlioglotl is lightly wounded.
The blast of lightning engulfs you. You resist.
* * * LOW HITPOINT WARNING * * *
Mlioglotl barely misses you. Mlioglotl misses you.
The snapping turtle barely misses you.
Your ball lightning explodes!
The blast of lightning engulfs Mlioglotl!
Mlioglotl resists.
Mlioglotl is lightly wounded.
The blast of lightning engulfs the snapping turtle!!
The snapping turtle is severely wounded.
You hear a shout!
Unknown command.
Okay, then.
Okay, then.
Okay, then.
As you read the scroll of identify, it crumbles to dust.
V - 3 scrolls of enchant weapon Mlioglotl barely misses you.
Mlioglotl tramples you!
* * * LOW HITPOINT WARNING * * *
You stumble backwards!
Your icy armour cracks and falls away as you move.
Splash!
You feel much better. Mlioglotl hits you!
* * * LOW HITPOINT WARNING * * *
Mlioglotl completely misses you.
The snapping turtle bites you from afar.
* * * LOW HITPOINT WARNING * * *
Mlioglotl closely misses you. Mlioglotl tramples you!
You die...

..~.)... ......
.~~~~~..##...~~.~~≈≈≈
~~~≈≈~...#...~~~~≈≈≈≈
~~~~~~~~....~~~~≈≈≈≈≈
~..~~~~~~~~..~~~~≈≈≈≈≈
~..~~~~~~~~~.~~~~≈≈≈≈≈
~.......~~~~~~≈≈≈≈≈≈≈≈
..........~~t~~≈≈≈≈≈≈≈
.........<.(X@≈≈≈≈≈≈≈
##.......[..~~≈≈≈≈≈≈≈
####..HY..)~~~≈≈≈≈≈≈
#.(.(....~~~~~≈≈≈≈
~~~.....)......~~~~~≈≈≈
~~~~.#)..###..)..~~~≈≈≈
~~.......# ##.....~~≈≈≈
~..~÷).... #####..~≈≈≈
~~....4...# ..


You could see Mlioglotl (strong), a snapping turtle, a manticore and a dream
sheep.

Vanquished Creatures
  Jorgrun (D:13)
  Kirke (D:15)
  Gastronok (Lair:2)
  A broodmother (Spider:1)
  A reaper (IceCv)
  A stone giant (D:15)
  A minotaur (Gauntlet)
  Azrael (D:15)
  Snorg (D:10)
  A green death (Gauntlet)
  An ettin (Orc:1)
  5 vault guards (D:13)
  4 hydras
  An ogre mage (D:15)
  7 centaur warriors
  2 merfolk aquamancers
  A death knight (D:15)
  9 boulder beetles
  3 death yaks (Lair:5)
  The ghost of xian the Blocker, a journeyman GrFi of Okawaru (D:10)
  6 two-headed ogres
  3 tengu warriors
  Urug (D:10)
  An orc high priest (Orc:1)
  Sonja (Lair:1)
  A skyshark (Lair:5)
  A pharaoh ant (Spider:1)
  A fire crab (Lair:5)
  2 orb spiders (Spider:1)
  A lindwurm (Lair:5)
  A wizard (D:13)
  4 orc knights (Orc:2)
  A deep elf archer (D:13)
  Pikel (D:7)
  A steelbarb worm (Spider:1)
  4 wolf spiders (Spider:1)
  4 deep elf pyromancers
  3 cyclopes
  5 manticores
  14 ugly things
  3 fauns (Shoals:1)
  3 black mambas
  A water nymph (Shoals:1)
  2 merfolk sirens (Shoals:1)
  12 elephants
  2 torpor snails
  An orange demon (Gauntlet)
  9 cane toads
  An ice statue (IceCv)
  A gargoyle (D:11)
  A rime drake (Lair:4)
  2 unseen horrors (D:13)
  9 komodo dragons
  2 yaktaurs (D:13)
  2 efreet
  An anaconda simulacrum (IceCv)
  2 tengu conjurers
  2 kobold demonologists
  A queen bee (shapeshifter) (D:15)
  8 polar bears
  2 wind drakes
  6 trolls
  6 meliai
  6 hornets
  5 merfolk (Shoals:1)
  9 blink frogs
  4 dream sheep
  4 tarantellas (Spider:1)
  2 snapping turtles
  7 jumping spiders (Spider:1)
  14 slime creatures
  3 culicivoras (Spider:1)
  7 wyverns
  5 water elementals
  A dire elephant simulacrum (IceCv)
  A vampire (D:10)
  14 spriggans (Lair:5)
  37 yaks
  7 fire elementals
  A hog (D:15)
  Grum (D:9)
  A human (D:15)
  5 redbacks (Spider:1)
  A redback simulacrum (D:14)
  2 basilisks
  6 steam dragons
  A death yak simulacrum (IceCv)
  2 wargs (Orc:2)
  2 harpy simulacra (IceCv)
  2 acid dragons
  7 water moccasins
  5 hell hounds
  A floating eye (shapeshifter) (D:13)
  3 ice beasts
  34 orc warriors
  7 black bears
  4 boggarts (Lair:5)
  29 wolves
  29 centaurs
  19 ogres
  A lemure (D:7)
  A phantom (D:5)
  8 kobold brigands
  4 scorpions
  17 bullfrogs
  6 gnoll sergeants
  6 two-headed ogre simulacra (IceCv)
  22 wights
  4 cane toad simulacra (IceCv)
  7 killer bees
  2 elephant simulacra (IceCv)
  A vampire bat (D:3)
  2 electric eels
  A jelly (D:7)
  4 crimson imps (D:6)
  4 hounds
  12 orc priests
  A sleepcap (D:6)
  8 gnoll boudas
  4 iguanas
  13 orc wizards
  3 polar bear simulacra (IceCv)
  A wolf simulacrum (IceCv)
  8 spriggan simulacra (IceCv)
  6 troll simulacra (IceCv)
  49 gnolls
  11 adders
  5 naga simulacra (IceCv)
  2 shadow imps
  2 white imps (IceCv)
  4 ufetubi
  A worm (D:5)
  A dart slug (D:2)
  84 orcs
  14 bats
  8 endoplasms
  3 giant cockroaches
  5 goblins
  7 hobgoblins
  7 jackals
  6 quokkas
  7 ball pythons
  2 frilled lizards (D:2)
  17 kobolds
  7 rats
855 creatures vanquished.

Vanquished Creatures (others)
  A human (D:15)
  74 ball lightnings
  A bush (D:15)
  58 fungi
  152 plants
286 creatures vanquished.

Grand Total: 1141 creatures vanquished

Notes
Turn   | Place    | Note
-------+----------+-------------------------------------------
     0 | D:1      | NinjaNoafa the Gnoll Earth Elementalist began the quest for
                  | the Orb.
     0 | D:1      | Reached XP level 1. HP: 13/13 MP: 6/6
    87 | D:1      | Reached XP level 2. HP: 19/19 MP: 3/7
    90 | D:1      | Learned a level 2 spell: Passwall
   378 | D:1      | Reached skill level 5 in Spellcasting
   378 | D:1      | Reached XP level 3. HP: 20/25 MP: 4/9
   594 | D:2      | Reached skill level 1 in Invocations
   615 | D:2      | Reached skill level 1 in Fighting
   615 | D:2      | Reached skill level 1 in Short Blades
   615 | D:2      | Reached skill level 1 in Long Blades
   615 | D:2      | Reached skill level 1 in Axes
   615 | D:2      | Reached skill level 1 in Maces & Flails
   615 | D:2      | Reached skill level 1 in Polearms
   615 | D:2      | Reached skill level 1 in Staves
   615 | D:2      | Reached skill level 1 in Ranged Weapons
   615 | D:2      | Reached skill level 1 in Throwing
   615 | D:2      | Reached skill level 1 in Armour
   615 | D:2      | Reached skill level 1 in Shields
   615 | D:2      | Reached skill level 1 in Unarmed Combat
   615 | D:2      | Reached skill level 1 in Evocations
   701 | D:2      | Found a white marble altar of Elyvilon.
   868 | D:2      | Reached XP level 4. HP: 32/32 MP: 7/11
   888 | D:2      | Reached skill level 1 in Conjurations
   888 | D:2      | Reached skill level 1 in Hexes
   888 | D:2      | Reached skill level 1 in Summonings
   888 | D:2      | Reached skill level 1 in Necromancy
   888 | D:2      | Reached skill level 1 in Translocations
   888 | D:2      | Reached skill level 1 in Fire Magic
   888 | D:2      | Reached skill level 1 in Ice Magic
   888 | D:2      | Reached skill level 1 in Air Magic
   888 | D:2      | Reached skill level 1 in Poison Magic
  1104 | D:3      | Reached XP level 5. HP: 35/37 MP: 8/12
  1108 | D:3      | Learned a level 3 spell: Stone Arrow
  1323 | D:3      | Found a shadowy altar of Dithmenos.
  1620 | D:3      | Found an ornate altar of the Wu Jian Council.
  1955 | D:4      | Reached XP level 6. HP: 8/44 MP: 10/14
  1998 | D:4      | Reached skill level 5 in Dodging
  2577 | D:5      | Entered Level 5 of the Dungeon
  2653 | D:5      | Found Qugal's Assorted Antiques.
  2922 | D:5      | Found a staircase to the Ecumenical Temple.
  2958 | Temple   | Entered the Ecumenical Temple
  2998 | Temple   | Became a worshipper of Vehumet
  3032 | D:5      | Reached XP level 7. HP: 51/51 MP: 5/15
  3378 | D:5      | Reached skill level 5 in Stealth
  3386 | D:5      | Upgraded the game from 0.30-a0-1066-g63dfefce0d to
                  | 0.30-a0-1074-g5db6f66fbb
  3499 | D:6      | Noticed a steam dragon
  3512 | D:6      | Killed a steam dragon
  3513 | D:6      | Reached XP level 8. HP: 39/58 MP: 0/16
  3586 | D:5      | Bought a pair of distressingly furry boots for 228 gold
                  | pieces
  3586 | D:5      | Identified the +0 pair of boots of Skepticism {+Inv Fly rN+
                  | Int-4} (You bought it in a shop on level 5 of the Dungeon)
  3605 | D:6      | Found a basalt altar of Yredelemnul.
  3605 | D:6      | Found a broken altar of Ashenzari.
  3605 | D:6      | Found an iron altar of Okawaru.
  3605 | D:6      | Found an ancient bone altar of Kikubaaqudgha.
  3627 | D:6      | Found a hazy altar of Hepliaklqana.
  3653 | D:6      | Found Jilav's Antique Weapon Boutique.
  3673 | D:6      | Found Naqiam's Assorted Antiques.
  3674 | D:6      | Found Ybaubem's Book Boutique.
  3675 | D:6      | Found Mypp's Weapon Boutique.
  3695 | D:6      | Bought a scroll labelled CECLUIKHIETT for 21 gold pieces
  3695 | D:6      | Bought a scroll labelled DOMUXT RERA for 21 gold pieces
  3993 | D:6      | Found a shimmering altar of Xom.
  4011 | D:6      | Reached * piety under Vehumet
  4011 | D:6      | Offered knowledge of Shock by Vehumet.
  4151 | D:6      | Found a shimmering blue altar of Sif Muna.
  4238 | D:7      | You fall into a shaft and drop 1 floor!
  4261 | D:8      | Found Ofelub's Antique Armour Shop.
  4275 | D:7      | Found a sacrificial altar of Ru.
  4298 | D:7      | Found Xosad's Jewellery Shoppe.
  4404 | D:7      | Found a flagged portal.
  4413 | Bailey   | Entered a bailey
  4677 | Bailey   | HP: 1/60 [orc warrior/+2 halberd of electrocution (20)]
  4680 | Bailey   | Reached XP level 9. HP: 13/65 MP: 6/18
  5213 | D:6      | Reached ** piety under Vehumet
  5394 | D:7      | Offered knowledge of Static Discharge by Vehumet.
  5665 | D:7      | Reached skill level 5 in Invocations
  5791 | D:7      | Noticed Pikel
  5828 | D:7      | Killed Pikel
  5903 | D:7      | Offered knowledge of Frozen Ramparts by Vehumet.
  5985 | D:7      | Reached skill level 5 in Fighting
  5985 | D:7      | Reached skill level 5 in Short Blades
  5985 | D:7      | Reached skill level 5 in Long Blades
  5985 | D:7      | Reached skill level 5 in Axes
  5985 | D:7      | Reached skill level 5 in Maces & Flails
  5985 | D:7      | Reached skill level 5 in Polearms
  5985 | D:7      | Reached skill level 5 in Staves
  5985 | D:7      | Reached skill level 5 in Ranged Weapons
  5985 | D:7      | Reached skill level 5 in Throwing
  5985 | D:7      | Reached skill level 5 in Armour
  5985 | D:7      | Reached skill level 5 in Shields
  5985 | D:7      | Reached skill level 5 in Unarmed Combat
  5985 | D:7      | Reached skill level 5 in Evocations
  5985 | D:7      | Reached XP level 10. HP: 74/74 MP: 17/20
  6320 | D:8      | Noticed a kobold demonologist
  6338 | D:7      | Reached *** piety under Vehumet
  6508 | D:8      | Noticed an orange demon
  6587 | D:8      | Killed a kobold demonologist
  6588 | D:8      | Reached skill level 5 in Transmutations
  6776 | D:8      | Learned a level 3 spell: Frozen Ramparts
  6781 | D:8      | Offered knowledge of Flame Wave by Vehumet.
  6791 | D:8      | Learned a level 3 spell: Ozocubu's Armour
  6797 | D:8      | Learned a level 5 spell: Arcjolt
  7407 | D:9      | Reached **** piety under Vehumet
  7466 | D:9      | Noticed Grum
  7474 | D:9      | Killed Grum
  7657 | D:9      | Offered knowledge of Freezing Cloud by Vehumet.
  7665 | D:9      | Learned a level 5 spell: Freezing Cloud
  8135 | D:9      | Found an opulent altar of Gozag.
  8272 | D:9      | Found a staircase to the Orcish Mines.
  8275 | D:9      | Reached skill level 5 in Conjurations
  8275 | D:9      | Reached skill level 5 in Hexes
  8275 | D:9      | Reached skill level 5 in Summonings
  8275 | D:9      | Reached skill level 5 in Necromancy
  8275 | D:9      | Reached skill level 5 in Translocations
  8275 | D:9      | Reached skill level 5 in Fire Magic
  8275 | D:9      | Reached skill level 5 in Ice Magic
  8275 | D:9      | Reached skill level 5 in Air Magic
  8275 | D:9      | Reached skill level 5 in Poison Magic
  8275 | D:9      | Reached XP level 11. HP: 74/81 MP: 18/23
  8289 | D:9      | Reached ***** piety under Vehumet
  8289 | D:9      | Offered knowledge of Fulminant Prism by Vehumet.
  8545 | D:8      | Bought a fading buckler for 247 gold pieces
  8545 | D:8      | Identified the +3 buckler "Rudesuun" {Rampage rElec Str-3}
                  | (You bought it in a shop on level 8 of the Dungeon)
  8692 | D:9      | Found a burning altar of Makhleb.
  8769 | D:10     | Entered Level 10 of the Dungeon
  8777 | D:10     | Noticed Snorg
  8784 | D:10     | Killed Snorg
  8936 | D:10     | Found a staircase to the Lair.
  8949 | D:10     | Noticed Urug
  8959 | D:10     | Killed Urug
  9225 | D:6      | Bought a scroll labelled ZOIMOANECH for 21 gold pieces
  9225 | D:6      | Bought a puce potion for 18 gold pieces
  9310 | D:10     | Noticed xian's ghost (journeyman GrFi)
  9314 | D:10     | Found a runed translucent door.
  9412 | D:10     | Identified the +6 hand axe "Eseur" {freeze, *Rage rPois
                  | Will++ Stlth+}
  9541 | D:10     | Noticed a two-headed ogre
  9546 | D:10     | Killed a two-headed ogre
  9555 | D:10     | Found Riugrets's Book Shop.
  9940 | D:11     | Noticed a boulder beetle
  9952 | D:11     | Killed a boulder beetle
  9953 | D:11     | Reached XP level 12. HP: 52/91 MP: 9/24
 10061 | D:11     | Found a hide-covered altar of Uskayaw.
 10448 | D:11     | Noticed a two-headed ogre
 10453 | D:11     | Killed a two-headed ogre
 10596 | D:12     | Noticed a two-headed ogre
 10654 | Lair:1   | Entered Level 1 of the Lair of Beasts
 10981 | Lair:1   | Noticed Sonja
 10992 | Lair:1   | Killed Sonja
 11583 | Lair:2   | Found a hole to the Spider Nest.
 11850 | Lair:2   | Noticed Gastronok
 11862 | Lair:2   | Killed Gastronok
 11863 | Lair:2   | Reached XP level 13. HP: 54/98 MP: 22/26
 12531 | Lair:3   | Found a frozen archway.
 12540 | IceCv    | Entered an ice cave
 12933 | IceCv    | Offered knowledge of Lee's Rapid Deconstruction by Vehumet.
 12941 | IceCv    | Learned a level 6 spell: Plasma Beam
 12968 | IceCv    | Noticed a reaper
 12990 | IceCv    | Reached skill level 10 in Spellcasting
 12990 | IceCv    | Reached XP level 14. HP: 29/106 MP: 5/28
 13356 | IceCv    | Reached skill level 10 in Dodging
 13380 | IceCv    | Killed a reaper
 14189 | Lair:3   | Found a staircase to the Shoals.
 14388 | Lair:4   | Reached skill level 10 in Stealth
 14492 | Lair:4   | Identified the +8 rapier "Iwireell" {antimagic, rC+ Int+2}
 14524 | Lair:4   | Reached skill level 10 in Invocations
 14707 | Lair:4   | Found a staircase to the Slime Pits.
 15066 | Lair:5   | Entered Level 5 of the Lair of Beasts
 15097 | Lair:5   | Offered knowledge of Spellforged Servitor by Vehumet.
 15630 | Lair:5   | Identified the +6 rapier of the Middle {venom, rC+ Will++}
 15733 | Lair:5   | Reached XP level 15. HP: 115/115 MP: 18/29
 16070 | Lair:5   | Reached skill level 10 in Earth Magic
 16331 | Lair:5   | Got the Almanac of Injury
 16466 | Lair:5   | Reached skill level 10 in Fighting
 16466 | Lair:5   | Reached skill level 10 in Short Blades
 16466 | Lair:5   | Reached skill level 10 in Long Blades
 16466 | Lair:5   | Reached skill level 10 in Axes
 16466 | Lair:5   | Reached skill level 10 in Maces & Flails
 16466 | Lair:5   | Reached skill level 10 in Polearms
 16466 | Lair:5   | Reached skill level 10 in Staves
 16466 | Lair:5   | Reached skill level 10 in Ranged Weapons
 16466 | Lair:5   | Reached skill level 10 in Throwing
 16466 | Lair:5   | Reached skill level 10 in Armour
 16466 | Lair:5   | Reached skill level 10 in Shields
 16466 | Lair:5   | Reached skill level 10 in Unarmed Combat
 16466 | Lair:5   | Reached skill level 10 in Evocations
 16663 | D:10     | Killed xian's ghost
 16798 | D:7      | Bought the ring "Quisalov" {Wiz rF++ Will+ rCorr Str-3} for
                  | 712 gold pieces
 17102 | D:12     | Offered knowledge of Fireball by Vehumet.
 17558 | D:13     | Found Xoskaf's Neck Hole.
 17570 | D:13     | Bought a scarf of repulsion for 156 gold pieces
 17604 | D:13     | Found a gate leading to a gauntlet.
 17622 | Gauntlet | Entered a Gauntlet
 17622 | Gauntlet | Found a transporter.
 17622 | Gauntlet | Found a transporter.
 17622 | Gauntlet | Found a transporter.
 17622 | Gauntlet | Found a transporter.
 17626 | Gauntlet | Found a transporter.
 17637 | Gauntlet | Found a transporter.
 17658 | Gauntlet | Found a transporter.
 17680 | Gauntlet | Found a transporter.
 17700 | Gauntlet | Found a transporter.
 17706 | Gauntlet | Found a transporter.
 17723 | Gauntlet | Found a transporter.
 17779 | Gauntlet | Found a transporter.
 17933 | Gauntlet | Identified the +0 pair of gloves "Pithrikh" {Harm Str+3
                  | Int+3 Dex-3}
 17943 | Gauntlet | Identified the +1 spear of Valour {pain, rF+ rCorr Stlth-}
 17955 | Gauntlet | Reached skill level 10 in Ice Magic
 17955 | Gauntlet | Reached XP level 16. HP: 113/123 MP: 21/31
 17975 | Gauntlet | Identified the staff of air "Atecy" {rElec Stlth+}
 18130 | D:13     | Found a transporter.
 18134 | D:13     | Found a transporter.
 18335 | D:13     | Noticed Jorgrun
 18365 | D:13     | Killed Jorgrun
 18655 | D:13     | Found a gate to the Vaults.
 18762 | D:13     | Noticed Heug's ghost (journeyman GrEE)
 19643 | D:14     | Identified the +0 chain mail "Asont" {rPois Regen+}
 19681 | D:14     | Offered knowledge of Conjure Ball Lightning by Vehumet.
 19690 | D:14     | Learned a level 6 spell: Conjure Ball Lightning
 19928 | D:14     | Reached XP level 17. HP: 129/130 MP: 33/33
 20179 | D:15     | Entered Level 15 of the Dungeon
 20201 | D:15     | Identified the +4 sling of Megalomania {freeze, Int+2}
 20243 | D:15     | Noticed Kirke
 20248 | D:15     | Killed Kirke
 20352 | D:15     | Reached ****** piety under Vehumet
 20754 | D:15     | Noticed Azrael
 20760 | D:15     | Killed Azrael
 20858 | D:15     | Found a glowing silver altar of Zin.
 21035 | D:15     | Found a staircase to the Depths.
 21401 | D:6      | Bought a tapered glass wand for 84 gold pieces
 21543 | Spider:1 | Entered Level 1 of the Spider Nest
 21849 | Spider:1 | HP: 5/131 [tarantella (8)]
 21864 | Spider:1 | Reached skill level 10 in Transmutations
 22406 | Orc:1    | Entered Level 1 of the Orcish Mines
 22499 | Orc:2    | Entered Level 2 of the Orcish Mines
 22535 | Orc:2    | Offered knowledge of Starburst by Vehumet.
 22883 | Orc:1    | Learned a level 6 spell: Starburst
 22893 | Orc:1    | Learned a level 7 spell: Ozocubu's Refrigeration
 22979 | Orc:1    | Found Ydoegoj's CLEARANCE SALE!.
 22986 | Orc:1    | Bought a scroll of identify for 4 gold pieces
 23077 | Orc:1    | Found a transporter.
 23090 | Orc:1    | Noticed Nudyvat's ghost (journeyman DsGl)
 23165 | Orc:1    | Found a transporter.
 23394 | Orc:2    | Found a staircase to the Elven Halls.
 23870 | Orc:2    | Found Idighawu's Jewellery Boutique.
 23870 | Orc:2    | Found Tewnuun's Weapon Shoppe.
 23872 | Orc:2    | Found Wueczal's Distillery.
 23874 | Orc:2    | Found Pufaet's General Store.
 23881 | Orc:2    | Bought a potion of heal wounds for 85 gold pieces
 23883 | Orc:2    | Bought a potion of magic for 136 gold pieces
 23888 | Orc:2    | Bought 2 potions of curing for 96 gold pieces
 23888 | Orc:2    | Bought Great Wizards, Vol. VII for 480 gold pieces
 23888 | Orc:2    | Bought 2 scrolls of blinking for 240 gold pieces
 24045 | Orc:2    | Learned a level 4 spell: Passage of Golubria
 24269 | Shoals:1 | Entered Level 1 of the Shoals
 24501 | Shoals:1 | Offered knowledge of Ignition by Vehumet.
 24509 | Shoals:1 | Reached skill level 10 in Conjurations
 24509 | Shoals:1 | Reached skill level 10 in Hexes
 24509 | Shoals:1 | Reached skill level 10 in Summonings
 24509 | Shoals:1 | Reached skill level 10 in Necromancy
 24509 | Shoals:1 | Reached skill level 10 in Translocations
 24509 | Shoals:1 | Reached skill level 10 in Fire Magic
 24509 | Shoals:1 | Reached skill level 10 in Air Magic
 24509 | Shoals:1 | Reached skill level 10 in Poison Magic
 24729 | Shoals:1 | Noticed Mlioglotl
 24741 | Shoals:1 | HP: 6/133 [snapping turtle (6)]
 24741 | Shoals:1 | Mangled by Mlioglotl

Illustrated notes

Levels and vault maps discovered:
D:1:      evilmike_arrival_come_back, layout_rooms, minmay_octomino_e4
D:2:      layout_rooms, basic_altar, st_stairs_3
D:3:      layout_loops_cross, nicolae_dithmenos_shadow_blocks,
          pdpol_wu_jian_five_deadly_venoms, roderic_batcave,
          amcnicky_mini_rare_corridor_liquid, guppyfry_early_orc_mine
D:4:      layout_gridville, chequers_garden
D:5:      layout_loops_ring, minmay_temple_entry_drinking_statues, serial_shops,
          nicolae_shop_crystal, ebering_dispersal_statue_hall
D:6:      layout_loops_ring, led_sif_pool, grunt_temple_overflow_open,
          led_xom_imps, minmay_shop_grid_forest
D:7:      layout_gridville, nicolae_ru_awakened_eye, enter_bailey_2,
          serial_shops, shop, kennysheep_minor_cross, uniq_pikel
D:8:      layout_cave_pools, serial_shops, shop_statue
D:9:      layout_layer_cave, mainiacjoe_overflow_chevrons,
          amcnicky_altar_gilded, kennysheep_orc_monster_closet_entryway,
          uniq_grum
D:10:     layout_gridville, due_lair_maze_entry_diamond, serial_shops,
          nicolae_shop_advertising_works [nicolae_subvault_shop_adworks],
          hellmonk_ghost_happy_afterlife, uniq_urug, uniq_snorg
D:11:     layout_irregular_city, eat_drink_and_be_merry_uskayaw
D:12:     layout_rooms, kennysheep_small_spiral
D:13:     layout_cave_pods, grunt_vaults_entry_fortified,
          gauntlet_entry_generic, gammafunk_ghost_hive, serial_park_tiny_2,
          hangedman_decor_clover_reticule, nicolae_shop_sticking_my_neck_out,
          uniq_jorgrun
D:14:     kennysheep_seaside_town, layout_long_grid, nicolae_two_hexagons,
          special_room [special_room_orc], minmay_misc_feat_secret_circle
D:15:     grunt_enter_depths_snipers, layout_loops_ring, serial_park_tiny_1,
          st_stairs_4, minmay_crystal_room, zin_scriptorium, uniq_azrael,
          uniq_kirke
Temple:   chequers_temple_sunken
Lair:1:   layout_cave_pods, beast_lair_carwin_3, infiniplex_staircase_pool,
          uniq_sonja
Lair:2:   layout_cave_pods, dummy_spider_entry, uniq_gastronok
Lair:3:   layout_gridlike, minmay_shoals_entry_hut, serial_rivers,
          chequers_serial_rivers_micro_a, chequers_serial_rivers_room_b,
          chequers_serial_rivers_large_b, chequers_serial_rivers_small_a,
          portal_ice_cave_entry_pillars_1
Lair:4:   layout_loops_ring, slime_entry_1, hangedman_lair_unloving_vines,
          serial_bayou_crossing
Lair:5:   minmay_lair_end_enchanted_forest, layout_gridlike, serial_forest,
          infiniplex_forest_clump_small, infiniplex_forest_clump_double,
          infiniplex_forest_side_room, infiniplex_forest_clump_tiny,
          infiniplex_forest_zigzag_1, infiniplex_forest_side_room,
          infiniplex_forest_lined_ring, serial_bayou_shore_a
Shoals:1: layout_shoals, uniq_mlioglotl
Spider:1: layout_spider_delve, hellmonk_spider_spawner
Orc:1:    layout_diamond_mine, basic_altar, gammafunk_ghost_berserking_beasts,
          nicolae_shop_clearance
Orc:2:    st_orc_rangers, layout_diamond_mine

Skill      XL: |  1  2  3  4  5  6  7  8  9 10 11 12 13 14 15 16 17 |
---------------+----------------------------------------------------+-----
Transmutations | 2 3 4 5 6 7 8 9 10 | 10.2
Spellcasting   | 5 6 7 8 9 10 11 12 | 12.8
Invocations    | 1 2 3 4 5 6 7 8 9 10 11 12 | 12.8
Fighting       | 1 2 3 4 5 6 7 8 9 10 11 | 11.8
Short Blades   | 1 2 3 4 5 6 7 8 9 10 11 | 11.8
Long Blades    | 1 2 3 4 5 6 7 8 9 10 11 | 11.8
Axes           | 1 2 3 4 5 6 7 8 9 10 11 | 11.8
Maces & Flails | 1 2 3 4 5 6 7 8 9 10 11 | 11.8
Polearms       | 1 2 3 4 5 6 7 8 9 10 11 | 11.8
Staves         | 1 2 3 4 5 6 7 8 9 10 11 | 11.8
Ranged Weapons | 1 2 3 4 5 6 7 8 9 10 11 | 11.8
Throwing       | 1 2 3 4 5 6 7 8 9 10 11 | 11.8
Armour         | 1 2 3 4 5 6 7 8 9 10 11 | 11.8
Shields        | 1 2 3 4 5 6 7 8 9 10 11 | 11.8
Unarmed Combat | 1 2 3 4 5 6 7 8 9 10 11 | 11.8
Evocations     | 1 2 3 4 5 6 7 8 9 10 11 | 11.8
Conjurations   | 1 2 3 4 5 6 7 8 9 10 | 10.0
Hexes          | 1 2 3 4 5 6 7 8 9 10 | 10.0
Summonings     | 1 2 3 4 5 6 7 8 9 10 | 10.0
Necromancy     | 1 2 3 4 5 6 7 8 9 10 | 10.0
Translocations | 1 2 3 4 5 6 7 8 9 10 | 10.0
Fire Magic     | 1 2 3 4 5 6 7 8 9 10 | 10.0
Ice Magic      | 1 2 3 4 5 6 7 8 10 11 | 11.9
Air Magic      | 1 2 3 4 5 6 7 8 9 10 | 10.0
Poison Magic   | 1 2 3 4 5 6 7 8 9 10 | 10.0
Dodging        | 5 6 7 8 9 10 11 12 | 12.6
Stealth        | 5 6 7 8 9 10 11 12 | 12.5
Earth Magic    | 6 7 8 9 10 11 | 11.3

Action                     |  1- 3 |  4- 6 |  7- 9 | 10-12 | 13-15 | 16-18 || total
---------------------------+-------+-------+-------+-------+-------+-------++-------
  Melee: Short sword       |    21 |    36 |       |       |       |       ||    57
         Bite              |     3 |     4 |     3 |    11 |    10 |     5 ||    36
         Punch             |     1 |     2 |     2 |     1 |       |       ||     6
         Staff             |       |       |    19 |    34 |    30 |    35 ||   118
         Double sword      |       |       |       |    27 |    55 |       ||    82
         Morningstar       |       |       |       |     1 |       |       ||     1
  Throw: Dart              |       |       |       |     5 |     1 |       ||     6
   Cast: Sandblast         |    38 |    76 |   119 |    66 |       |       ||   299
         Passwall          |     2 |     2 |     8 |     2 |     7 |     7 ||    28
         Stone Arrow       |       |    10 |    58 |   123 |   152 |    13 ||   356
         Arcjolt           |       |       |       |    39 |    22 |     9 ||    70
         Ozocubu's Armour  |       |       |       |    20 |    10 |    12 ||    42
         Frozen Ramparts   |       |       |       |    10 |     2 |     2 ||    14
         Freezing Cloud    |       |       |       |    12 |    19 |    13 ||    44
         Plasma Beam       |       |       |       |       |    97 |   187 ||   284
         Conjure Ball Ligh |       |       |       |       |       |    30 ||    30
         Ozocubu's Refrige |       |       |       |       |       |    13 ||    13
         Starburst         |       |       |       |       |       |    13 ||    13
         Passage of Golubr |       |       |       |       |       |     1 ||     1
  Evoke: Wand              |       |       |       |     2 |       |     1 ||     3
         Phial of floods   |       |       |       |     1 |       |       ||     1
         Condenser vane    |       |       |       |       |       |     2 ||     2
    Use: Scroll            |       |     1 |     5 |     5 |    12 |    13 ||    36
         Potion            |       |     2 |     1 |       |     2 |     6 ||    11
   Stab: Sleeping          |       |     1 |     1 |     4 |     1 |       ||     7
 Armour: Robe              |     5 |    11 |    13 |    19 |    26 |    51 ||   125
         Steam dragon scal |       |       |    17 |    22 |       |       ||    39
         Acid dragon scale |       |       |       |    16 |       |       ||    16
         Troll leather arm |       |       |       |    30 |       |       ||    30
  Dodge: Dodged            |    24 |    49 |   137 |   210 |   116 |   217 ||   753
         Repelled          |       |       |       |       |       |     6 ||     6
  Block: Buckler           |       |       |       |    84 |    68 |       ||   152

Table legend: (Time is in decaauts)
 A = Elapsed time spent in this place.
 B = Non-inter-level travel time spent in this place.
 C = Inter-level travel time spent in this place.
 D = Time resting spent in this place.
 E = Time spent auto-exploring this place.
 F = Levels seen in this place.
 G = Mean time per level.
                   A        B        C        D        E       F      G
               +--------+--------+--------+--------+--------+-----+--------+
         Total |  25019 |  22162 |   2857 |   3564 |  13492 |  28 |  893.5 |
       Dungeon |  14890 |  12744 |   2146 |   1339 |   8112 |  15 |  992.7 |
        Temple |     60 |     46 |     14 |      0 |     15 |   1 |   60.0 |
          Lair |   6238 |   5668 |    570 |   1246 |   3579 |   5 | 1247.6 |
        Shoals |     64 |     64 |      0 |      0 |      1 |   1 |   64.0 |
   Spider Nest |     38 |     38 |      0 |      0 |      0 |   1 |   38.0 |
  Orcish Mines |   1692 |   1568 |    124 |    228 |   1035 |   2 |  846.0 |
        Bailey |    619 |    619 |      0 |    310 |    165 |   1 |  619.0 |
      Ice Cave |   1020 |   1020 |      0 |    378 |    380 |   1 | 1020.0 |
      Gauntlet |    394 |    394 |      0 |     63 |    203 |   1 |  394.0 |
               +--------+--------+--------+--------+--------+-----+--------+

Top non-repeatable levels by time:
  Lair:2: 1676 daAuts
     D:9: 1567 daAuts
     D:7: 1467 daAuts
  Lair:3: 1413 daAuts
  Lair:5: 1302 daAuts
    D:10: 1287 daAuts
     D:6: 1277 daAuts
    D:13: 1267 daAuts
    D:14: 1083 daAuts
    D:15: 1036 daAuts
   IceCv: 1020 daAuts
     D:5: 963 daAuts
  Lair:1: 930 daAuts
  Lair:4: 915 daAuts
   Orc:2: 900 daAuts
